 Dungeon Crawl Stone Soup version 0.30.1-3-gfc49f6343a (webtiles) character file.

Game seed: 2323751449628306462

78 CaptainMV the Trooper (level 4, -5/38 HPs)
             Began as a Demonspawn Wanderer on July 26, 2023.
             Slain by a gnoll
             ... wielding a +4 spear
              (7 damage)
             ... on level 2 of the Dungeon.
             The game lasted 00:11:22 (1085 turns).

CaptainMV the Trooper (Demonspawn Wanderer)         Turns: 1085, Time: 00:11:23

Health: -5/38      AC:  4    Str: 16    XL:     4   Next: 15%
Magic:  1/5        EV: 11    Int: 16    God:
Gold:   70         SH:  0    Dex:  8    Spells: 1/5 levels left

rFire   . . .        a - +0 club
rCold   . . .        (no shield)
rNeg    . . .        d - +0 leather armour
rPois   .            (no helmet)
rElec   .            h - scarf {harm}
rCorr   .            (no gloves)
SInv    .            (no boots)
Will    .....        (no amulet)
Stlth   +            (no ring)
HPRegen 0.26/turn    (no ring)
MPRegen 0.09/turn

%: harm (+30% outgoing, +20% incoming)
@: flying, very slightly contaminated
A: sharp scales 1, demonic touch 2
a: no special abilities


You were on level 2 of the Dungeon.
You visited 1 branch of the dungeon, and saw 2 of its levels.

You collected 70 gold pieces.

Inventory:

Hand Weapons
 a - a +0 club (weapon)
Armour
 d - a +0 leather armour (worn)
 h - a scarf of harm (worn)
Jewellery
 i - a ring of poison resistance
Potions
 c - a potion of attraction
 e - a potion of lignification
 g - a potion of flight


   Skills:
 + Level 4.6 Fighting
 + Level 1.2 Maces & Flails
 + Level 1.0 Armour
 + Level 2.0 Dodging
 + Level 1.2 Spellcasting
 + Level 0.5 Conjurations
 + Level 3.0 Fire Magic


You had one spell level left.
You knew the following spells:

 Your Spells              Type           Power      Damage    Failure   Level
a - Foxfire               Conj/Fire      24%        2x1d5     13%         1
b - Inner Flame           Hex/Fire       5%         N/A       41%         3

Your spell library contained the following spells:

 Spells                   Type           Power      Damage    Failure   Level
 Summon Small Mammal      Summ           4%         N/A       28%         1
 Call Canine Familiar     Summ           1%         N/A       63%         3
 Ozocubu's Armour         Ice            1%         N/A       63%         3
 Summon Guardian Golem    Hex/Summ       1%         N/A       63%         3
 Flame Wave               Conj/Fire      6%         2d5       78%         4
 Ozocubu's Refrigeration  Ice            0%         4d7       100%        7


Dungeon Overview and Level Annotations

Branches:
Dungeon (2/15)

Altars:


Innate Abilities, Weirdness & Mutations

You are partially covered in razor-sharp scales. (AC +1, Slay +1)
Your touch may inflict irresistible damage on your foes.


Message History

You feel better. The adder bites you but does no damage.
The ball python bites you. The ball python constricts you.
The gnoll barely misses you.
There are monsters nearby!
There are monsters nearby!
There are monsters nearby!
You hit the adder.
You kill the adder!
The ball python closely misses you. The ball python constricts you.
The gnoll barely misses you.
Your Maces & Flails skill increases to level 1!
It was a potion of flight.
You feel very buoyant.
You fly up into the air.
The ball python closely misses you. The ball python constricts you.
The gnoll hits you but does no damage. The ball python bites you.
The ball python constricts you.
You hit the ball python.
The ball python is moderately wounded.
The gnoll hits you from afar with a +4 spear!
* * * LOW HITPOINT WARNING * * *
The ball python bites you.
* * * LOW HITPOINT WARNING * * *
The ball python constricts you.
Casting: Foxfire (safe; 13% risk of failure)
Confirm with . or Enter, or press ? or * to list all spells.
You conjure some foxfire!
The ball python bites you.
* * * LOW HITPOINT WARNING * * *
The ball python constricts you.
The gnoll hits you from afar with a +4 spear.
* * * LOW HITPOINT WARNING * * *
Casting: Foxfire (safe; 13% risk of failure)
Confirm with . or Enter, or press ? or * to list all spells.
You miscast Foxfire.
You are very lightly contaminated with residual magic.
Nothing appears to happen.
The foxfire hits the ball python.
The ball python is severely wounded.
The foxfire hits the ball python.
You kill the ball python!
The gnoll hits you from afar with a +4 spear.
You die...

#..÷....#..#.
##..#....#..#.
####.g.#..####.#.
#......#.## #.#.
#..####### .#
##g.# .# #gg## ##
#####†## #.
#....@####### #.
#....§§.....# #.
#...........# ##
#.....#÷##..#
#.....#).#..#
#.....#[.#..##
##....####...#
##..........#
#..........#


You could see 3 gnolls.

Vanquished Creatures
  4 adders
  8 ball pythons
  6 endoplasms
  2 goblins (D:1)
  5 hobgoblins
  A kobold (D:1)
  2 quokkas
  7 bats
  3 frilled lizards (D:1)
  5 rats (D:1)
43 creatures vanquished.

Vanquished Creatures (others)
  48 foxfires
48 creatures vanquished.

Grand Total: 91 creatures vanquished

Notes
Turn   | Place    | Note
-------+----------+-------------------------------------------
     0 | D:1      | CaptainMV the Demonspawn Wanderer began the quest for the
                  | Orb.
     0 | D:1      | CaptainMV set off with the following items: a +0 club, a
                  | potion of curing, a potion of attraction, a +0 leather
                  | armour, a potion of lignification; and the following spell
                  | memorised: Foxfire; and the following spells available to
                  | memorise: Inner Flame, Flame Wave.
     0 | D:1      | Reached XP level 1. HP: 19/19 MP: 2/2
   102 | D:1      | You fall into a shaft and drop 1 floor!
   168 | D:2      | Gained mutation: Your touch may inflict minor irresistible
                  | damage on your foes. [demonic ancestry]
   168 | D:2      | Reached XP level 2. HP: 5/26 MP: 1/3
   233 | D:1      | Gained mutation: You are partially covered in razor-sharp
                  | scales. (AC +1, Slay +1) [demonic ancestry]
   233 | D:1      | Reached XP level 3. HP: 21/31 MP: 2/4
   594 | D:1      | Reached skill level 1 in Armour
   817 | D:1      | Found a faded altar of an unknown god.
   969 | D:2      | Learned a level 3 spell: Inner Flame
  1077 | D:2      | Gained mutation: Your touch may inflict irresistible damage
                  | on your foes. [demonic ancestry]
  1077 | D:2      | Reached XP level 4. HP: 34/38 MP: 3/5
  1082 | D:2      | Reached skill level 1 in Maces & Flails
  1084 | D:2      | HP: 1/38 [gnoll/+4 spear (3)]
  1085 | D:2      | Slain by a gnoll

Illustrated notes

Levels and vault maps discovered:
D:1:      reono_arrival_mine, layout_basic,
          chequers_ecumenical_altar_simple_redux
D:2:      layout_rooms, basic_altar, serial_bayou_pond_b, grunt_ministairs_12,
          corexii_shack, nicolae_wormholes

Skill      XL: |  1  2  3  4 |
---------------+-------------+-----
Dodging        | 2 |  2.0
Armour         | 1 |  1.0
Fire Magic     | 3 |  3.0
Maces & Flails | 1 |  1.2
Fighting       | |  4.6
Spellcasting   | |  1.2
Conjurations   | |  0.5

Action                     |  1- 3 |  4- 6 || total
---------------------------+-------+-------++-------
  Melee: Club              |   110 |     5 ||   115
         Punch             |     1 |     1 ||     2
         Touch             |     5 |       ||     5
   Cast: Foxfire           |    29 |     1 ||    30
    Use: Scroll            |     4 |       ||     4
         Potion            |     1 |     2 ||     3
 Armour: Leather armour    |    61 |     3 ||    64
  Dodge: Dodged            |   133 |    11 ||   144
